AoeStats
← benoitmartin.v

Black Forest

504708358Analyzed
2v2 RM · 25d ago on Sep 6, 2026· 66m 26s· 4 players
Game mode
Random Map
Map size
Medium (4 player)
Population
200
Speed
Normal
Resources
Standard
Victory
Conquest
Starting age
Dark Age
Ending age
Imperial Age
RankedLock teamsTeams togetherTeam positionsShared explorationLock speedFull tech treeHidden civsTurbo modeCheats
Victory
Defeat
🇨🇦 Persians · Canada
739
+9
🇨🇳 Bohemians · China
641
+12
🇪🇸 Vietnamese · Spain
608
-12
🇫🇷 Celts · France
532
-9
benoitmartin.v
15:53 Feudal Age
16:24 Double-Bit Axe
17:20 Wheelbarrow
17:17 Horse Collar
23:59 Castle Age
23:39 Scale Barding Armor
23:35 Scale Mail Armor
23:35 Padded Archer Armor
23:26 Fletching
23:46 Forging
26:24 Bow Saw
26:20 Heavy Plow
28:39 Hand Cart
29:30 Loom
29:30 Town Watch
30:03 Pikeman
30:29 Arson
32:33 Town Patrol
33:02 Light Cavalry
37:33 Husbandry
37:08 Crossbowman
37:09 Elite Skirmisher
46:58 Imperial Age
46:30 Leather Archer Armor
46:31 Chain Mail Armor
46:37 Chain Barding Armor
46:53 Iron Casting
46:13 Bodkin Arrow
48:34 Halberdier
51:01 Hoardings
50:48 Conscription
49:49 Elite Woad Raider
50:20 Stronghold
58:26 Ring Archer Armor
58:36 Cavalier
61:18 Heated Shot
62:36 Chemistry
64:47 Paladin
66:29 Ballistics
66:01 Guard Tower
65:56 Arrowslits
66:23 Fortified Wall
66:08 Murder Holes
66:24 Masonry
66:20 Siege Engineers
Audocios
0:31 Loom
15:20 Feudal Age
15:58 Horse Collar
16:11 Double-Bit Axe
16:21 Gold Mining
16:28 Stone Mining
19:37 Wheelbarrow
21:55 Town Watch
23:01 Fishing Lines
25:54 Castle Age
25:02 Bloodlines
26:38 Heavy Plow
27:16 Stone Shaft Mining
26:57 Bow Saw
27:59 Caravan
28:06 Pikeman
30:06 Husbandry
31:04 Hand Cart
30:50 Town Patrol
37:09 Imperial Age
35:06 Murder Holes
35:02 Heated Shot
35:33 Ballistics
35:24 Fortified Wall
35:08 Elite Skirmisher
35:09 Crossbowman
36:42 Forging
36:23 Fletching
36:33 Padded Archer Armor
36:39 Scale Barding Armor
36:34 Scale Mail Armor
37:09 Thumb Ring
37:20 Squires
37:06 Arson
38:57 Crop Rotation
39:32 Two-Man Saw
39:10 Paper Money
39:15 Siege Engineers
38:35 Halberdier
40:17 Elite Battle Elephant
40:55 Imperial Skirmisher
42:39 Paper Money
44:15 Chain Barding Armor
44:31 Iron Casting
43:52 Bodkin Arrow
44:14 Leather Archer Armor
45:02 Arbalester
47:27 Plate Barding Armor
47:07 Chain Mail Armor
47:57 Hoardings
47:40 Elite Fire Lancer
48:55 Chatras
49:29 Cavalier
50:55 Chain Mail Armor
54:35 Elite Rattan Archer
55:28 Bodkin Arrow
Ceffenberg88
0:27 Loom
11:30 Feudal Age
14:44 Horse Collar
15:54 Wheelbarrow
18:52 Double-Bit Axe
22:33 Castle Age
21:31 Stone Mining
21:31 Gold Mining
24:01 Stone Shaft Mining
23:36 Heavy Plow
25:15 Bow Saw
25:53 Hand Cart
27:08 Fishing Lines
29:37 Gold Shaft Mining
29:29 Scale Mail Armor
29:40 Forging
29:20 Fletching
30:26 Ballistics
29:56 Heated Shot
30:58 Scale Barding Armor
30:54 Padded Archer Armor
31:24 Gillnets
31:06 Pikeman
31:47 Squires
32:42 Chain Mail Armor
36:37 Imperial Age
34:27 Masonry
34:50 Husbandry
35:01 Bloodlines
35:54 Guard Tower
35:59 Murder Holes
36:06 Kamandaran
36:48 Coinage
36:07 Man-at-Arms
36:32 Gambesons
36:33 Arson
37:12 Chain Barding Armor
37:07 Leather Archer Armor
36:48 Bodkin Arrow
37:30 Iron Casting
38:08 Two-Man Saw
36:51 Halberdier
37:43 Citadels
37:53 Conscription
37:21 Town Watch
37:22 Cavalier
37:22 Heavy Camel Rider
38:00 Onager
39:50 Chemistry
38:39 Light Cavalry
39:20 Savar
40:46 Banking
40:17 Caravan
40:36 Guilds
41:20 Architecture
41:32 Hoardings
41:56 Plate Barding Armor
41:17 Bodkin Arrow
42:43 Sappers
44:35 Plate Mail Armor
44:57 Ring Archer Armor
45:20 Elite Skirmisher
45:20 Crossbowman
46:06 Thumb Ring
46:27 Parthian Tactics
45:51 Long Swordsman
50:51 Blast Furnace
50:28 Elite War Elephant
神奇宝宝
13:14 Feudal Age
13:40 Double-Bit Axe
15:50 Wheelbarrow
17:50 Horse Collar
22:08 Castle Age
25:21 Crossbowman
28:18 Pikeman
36:36 Imperial Age
34:10 Loom
37:42 Forging
37:32 Scale Mail Armor
37:51 Scale Barding Armor
37:37 Fletching
37:47 Padded Archer Armor
39:57 Chemistry
39:18 Ballistics
40:06 Conscription
46:03 Conscription
45:08 Houfnice
45:53 Cavalier
45:58 Arbalester
47:06 Hand Cart
49:49 Elite Hussite Wagon
64:42 Treadmill Crane
Connection lost

Rejoining the realm…

Still unreachable

The connection could not be restored.

Session expired

The server has moved on; the page needs a fresh start.